 Dungeon Crawl Stone Soup version 0.31-a0-818-ge7c7cf74f0 (webtiles) character file.

Game seed: 1463637709391013217

1267 Bnni the Vexing (level 8, 0/60 HPs)
             Began as a Formicid Hexslinger on Sept 23, 2023.
             Engulfed by a steam dragon's steam (9 damage)
             ... on level 6 of the Dungeon.
             The game lasted 00:08:40 (5376 turns).

Bnni the Vexing (Formicid Hexslinger)               Turns: 5376, Time: 00:08:40

Health: 0/60       AC:  3    Str: 20    XL:     8   Next: 82%
Magic:  9/13       EV: 12    Int: 12    God:
Gold:   182        SH:  6    Dex: 18    Spells: 2/14 levels left

rFire   . . .        z - +0 orcbow
rCold   . . .        u - +2 buckler {reflect}
rNeg    . . .        c - +0 robe
rPois   .            (helmet unavailable)
rElec   .            m - +0 cloak
rCorr   .            (no gloves)
SInv    +            (no boots)
Will    .....        y - amulet of the acrobat
Stlth   ++           d - ring of willpower
HPRegen 0.30/turn    g - +6 ring of strength
MPRegen 0.13/turn

%: reflection, acrobat
@: weak-willed, jinxed, studying Unarmed Combat
A: permanent stasis, dig shafts and tunnels, antennae 3, four strong arms
a: Dig, Shaft Self


You were on level 6 of the Dungeon.
You visited 1 branch of the dungeon, and saw 6 of its levels.

You collected 258 gold pieces.
You spent 76 gold pieces at shops.

Inventory:

Hand Weapons
 z - a +0 orcbow (weapon)
Missiles
 a - 3 throwing nets
 h - 6 poisoned darts
 l - 5 darts of dispersal
Armour
 c - a +0 robe (worn)
 m - a +0 cloak (worn)
 u - a +2 buckler of reflection (worn)
Jewellery
 d - a ring of willpower (left hand)
 g - a +6 ring of strength (right hand)
 y - an amulet of the acrobat (around neck)
Scrolls
 b - 3 scrolls of poison
 e - a scroll of enchant weapon {unknown}
 n - 3 scrolls of enchant armour {unknown}
 q - a scroll of fear {unknown}
 t - 4 scrolls of teleportation {unknown}
 x - a scroll of amnesia
Potions
 f - 2 potions of curing
 i - 2 potions of resistance {unknown}
 j - 6 potions of heal wounds
 k - a potion of might {unknown}
 o - a potion of brilliance {unknown}
 p - a potion of mutation {unknown}
 v - a potion of enlightenment {unknown}
 B - 2 potions of attraction {unknown}


   Skills:
 + Level 4.2 Fighting
 * Level 5.8 Ranged Weapons
 - Level 1.7 Dodging
 + Level 3.9 Spellcasting
 * Level 7.5 Hexes
 - Level 3.0 Fire Magic


You had 2 spell levels left.
You knew the following spells:

 Your Spells              Type           Power      Damage    Failure   Level
a - Jinxbite              Hex            40%        N/A       1%          2
b - Inner Flame           Hex/Fire       15%        N/A       10%         3
c - Sigil of Binding      Hex            20%        N/A       3%          3
d - Cause Fear            Hex            10%        N/A       13%         4

Your spell library contained the following spells:

 Spells                   Type           Power      Damage    Failure   Level
 Shock                    Conj/Air       8%         1d3       28%         1
 Dimensional Bullseye     Hex/Tloc       5%         N/A       52%         4
 Airstrike                Air            1%         2d(1-17)  96%         4
 Manifold Assault         Tloc           2%         N/A       96%         4
 Dispersal                Tloc           1%         N/A       100%        6
 Disjunction              Tloc           1%         N/A       100%        8
 Swiftness                Air            Unusable   N/A       N/A         3

Dungeon Overview and Level Annotations

Branches:
Dungeon (6/15)
 Temple: D:4-7

Altars:
Elyvilon
Fedhas
Gozag
Trog
Uskayaw
Vehumet
Xom
The Shining One

Shops:
D:3 [:*!   D:4 :


Innate Abilities, Weirdness & Mutations

You cannot be hasted, slowed, berserked, paralysed or teleported.
You can dig through walls and to a lower floor.
You have a pair of large antennae on your head. (SInv)
Your four strong arms can wield two-handed weapons with a shield.


Message History

The steam dragon is severely wounded.
No target in view!
You shoot an arrow.
The arrow barely misses the steam dragon.
You shoot an arrow.
The arrow hits the steam dragon but does no damage.
The steam dragon is heavily wounded.
You shoot an arrow.
The arrow hits the steam dragon but does no damage.
The steam dragon is heavily wounded.
You shoot an arrow.
The arrow closely misses the steam dragon.
The steam dragon closely misses you. You block the steam dragon's attack.
Casting: Jinxbite (safe; 1% risk of failure)
Confirm with . or Enter, or press ? or * to list all spells.
You beckon some vexing sprites to accompany your attacks.
You feel your willpower being sapped. The steam dragon breathes steam at you.
The ball of steam hits you!
You are too injured to fight recklessly!
Unknown command.
Fire: z) +0 orcbow
Press: ? - help, Shift-Dir - straight line, f/p - steam dragon
Aim: a steam dragon (heavily wounded, catching its breath, chance to call a sprite on attack: 52%, 59% to hit)
You shoot an arrow. The arrow hits the steam dragon!
The steam dragon is almost dead.
You are engulfed in a cloud of scalding steam.
* * * LOW HITPOINT WARNING * * *
You block the steam dragon's attack. The steam dragon claws you.
* * * LOW HITPOINT WARNING * * *
Fire: z) +0 orcbow
Press: ? - help, Shift-Dir - straight line, f/p - steam dragon
Aim: a steam dragon (almost dead, catching its breath, chance to call a sprite on attack: 52%, 59% to hit)
You shoot an arrow.
The arrow hits the steam dragon but does no damage.
The steam dragon is almost dead.
A giggling sprite leaps out and makes the steam dragon trip over its own talons.
The steam dragon is almost dead.
You are engulfed in a cloud of scalding steam.
You die...

#.# #.######
##......#
#..####.# #.##
###.# #...#
#####''########
........@......#
.......D?......#
.####....####..#
### #....# # ...
#....# ###
#....# ,......
...!?.. ....$$..


You could see a steam dragon (catching breath, very drained).

Vanquished Creatures
  Menkaure (D:5)
  2 black bears
  An ice beast (D:6)
  A sky beast (D:6)
  2 centaurs (D:4)
  A scorpion (D:4)
  A howler monkey (D:6)
  A gnoll bouda (D:5)
  An orc priest (D:5)
  3 hounds (D:6)
  Crazy Yiuf (D:2)
  2 iguanas (D:5)
  Robin (D:2)
  9 gnolls (D:5)
  8 adders
  A shadow imp (D:3)
  An ufetubus (D:6)
  2 worms (D:2)
  A dart slug (D:1)
  9 orcs
  8 ball pythons
  9 endoplasms
  4 giant cockroaches
  15 goblins
  14 hobgoblins
  9 jackals
  3 kobolds
  A quokka (D:4)
  6 bats
  3 frilled lizards
  2 rats (D:1)
123 creatures vanquished.

Notes
Turn   | Place    | Note
-------+----------+-------------------------------------------
     0 | D:1      | Bnni the Formicid Hexslinger began the quest for the Orb.
     0 | D:1      | Reached XP level 1. HP: 15/15 MP: 2/2
   109 | D:1      | Reached XP level 2. HP: 18/21 MP: 3/3
   140 | D:1      | Learned a level 2 spell: Jinxbite
   273 | D:1      | Reached skill level 4 in Hexes
   369 | D:1      | Reached XP level 3. HP: 26/26 MP: 4/4
   800 | D:2      | Noticed Robin
   805 | D:2      | Reached XP level 4. HP: 28/33 MP: 3/6
   809 | D:2      | Killed Robin
   968 | D:2      | Found a glowing golden altar of the Shining One.
  1024 | D:2      | Learned a level 3 spell: Inner Flame
  1149 | D:2      | Found a runed translucent door.
  1150 | D:2      | Noticed Crazy Yiuf
  1157 | D:2      | Killed Crazy Yiuf
  1158 | D:2      | Reached XP level 5. HP: 20/38 MP: 4/7
  1707 | D:3      | Found a white marble altar of Elyvilon.
  1764 | D:3      | Found Goefonir's Assorted Antiques.
  1779 | D:3      | Bought a scroll labelled UTOTHA EWNUAW for 19 gold pieces
  1779 | D:3      | Bought a scroll labelled SEORIE OGUO for 19 gold pieces
  1779 | D:3      | Bought 2 scrolls labelled RIOCEHAGAV for 38 gold pieces
  1781 | D:3      | Found Janat's Distillery.
  2016 | D:3      | Found Opytibum's Book Shoppe.
  2204 | D:3      | Found Daabba's Antique Armour Emporium.
  2410 | D:4      | Found a bloodstained altar of Trog.
  2433 | D:4      | Reached XP level 6. HP: 12/44 MP: 7/9
  2581 | D:4      | Learned a level 4 spell: Cause Fear
  2903 | D:4      | Reached skill level 5 in Hexes
  2909 | D:4      | Reached XP level 7. HP: 9/51 MP: 8/10
  3246 | D:4      | Found Seffaatt's Tremendous Tomes.
  3386 | D:4      | Found a blossoming altar of Fedhas.
  3454 | D:5      | Entered Level 5 of the Dungeon
  3474 | D:5      | Found an opulent altar of Gozag.
  3515 | D:5      | Reached skill level 6 in Hexes
  4141 | D:5      | Noticed Menkaure
  4144 | D:5      | Killed Menkaure
  4145 | D:5      | Reached XP level 8. HP: 48/58 MP: 8/12
  4191 | D:5      | Found a large runed translucent door.
  4191 | D:5      | Found a large runed translucent door.
  4258 | D:5      | Reached skill level 5 in Ranged Weapons
  4262 | D:5      | Learned a level 3 spell: Sigil of Binding
  4911 | D:5      | Found a shimmering altar of Xom.
  4918 | D:5      | Found a radiant altar of Vehumet.
  5032 | D:6      | Found a hide-covered altar of Uskayaw.
  5159 | D:6      | Reached skill level 7 in Hexes
  5376 | D:6      | Engulfed by a steam dragon's steam

Illustrated notes

Levels and vault maps discovered:
D:1:      minmay_arrival_doors, layout_rooms
D:2:      minmay_general_purpose_star, layout_loops_cross, basic_altar,
          uniq_crazy_yiuf_cottage, uniq_robin
D:3:      layout_basic, elyvilon_altar_5, serial_shops,
          nicolae_shop_just_a_little_nook, shop, shop, shop
D:4:      layout_rooms, fedhas_altar_4, trog_three_pillars_becter,
          interstate_on_off, nrook_mini_vaults, hex_medium, grunt_ministairs_4,
          nicolae_shop_i_like_big_books, minmay_door_square, minmay_manual_mares
D:5:      layout_layer_cave, mainiacjoe_overflow_chevrons,
          jmf_multi_god_temple2, uniq_menkaure
D:6:      wander_river, layout_loops_ring, nicolae_uskayaw_suspiria,
          st_stairs_1, grunt_decor_cap, kennysheep_dice

Skill      XL: |  1  2  3  4  5  6  7  8 |
---------------+-------------------------+-----
Hexes          | 4 5 6 7 |  7.5
Fire Magic     | 2 3 |  3.0
Fighting       | 2 3 4 |  4.2
Ranged Weapons | 3 4 5 |  5.8
Spellcasting   | 2 3 |  3.9
Dodging        | |  1.7

Action                     |  1- 3 |  4- 6 |  7- 9 || total
---------------------------+-------+-------+-------++-------
   Fire: Sling             |   118 |   157 |       ||   275
         Orcbow            |       |       |   137 ||   137
   Cast: Jinxbite          |     1 |     4 |    10 ||    15
         Inner Flame       |       |       |     2 ||     2
         Cause Fear        |       |       |     3 ||     3
Ability: Dig               |       |       |     1 ||     1
    Use: Scroll            |       |       |     6 ||     6
 Armour: Robe              |    31 |    46 |    44 ||   121
  Dodge: Dodged            |    57 |    53 |    44 ||   154
  Block: Buckler           |       |    16 |    21 ||    37
         Reflection        |       |     3 |       ||     3

Table legend: (Time is in decaauts)
 A = Elapsed time spent in this place.
 B = Non-inter-level travel time spent in this place.
 C = Inter-level travel time spent in this place.
 D = Time resting spent in this place.
 E = Time spent auto-exploring this place.
 F = Levels seen in this place.
 G = Mean time per level.
                   A        B        C        D        E       F      G
               +--------+--------+--------+--------+--------+-----+--------+
         Total |   5502 |   5351 |    151 |    710 |   3782 |   6 |  917.0 |
       Dungeon |   5502 |   5351 |    151 |    710 |   3782 |   6 |  917.0 |
               +--------+--------+--------+--------+--------+-----+--------+

Top non-repeatable levels by time:
     D:5: 1543 daAuts
     D:4: 1092 daAuts
     D:2: 1057 daAuts
     D:3: 726 daAuts
     D:1: 656 daAuts
     D:6: 426 daAuts
